 Dungeon Crawl Stone Soup version 0.27-a0-1273-gec92ba881d (webtiles) character file.

Game seed: 6380059741945178926

255 porpoise the Sneak (level 6, -1/33 HPs)
             Began as a Vine Stalker Brigand on June 12, 2021.
             Slain by Natasha (3 damage)
             ... on level 3 of the Dungeon.
             The game lasted 00:06:56 (1773 turns).

porpoise the Sneak (Vine Stalker Brigand)           Turns: 1773, Time: 00:06:57

Health: -1/33      AC:  7    Str: 15    XL:     6   Next: 15%
Magic:  0/7        EV:  8    Int: 12    God:
Gold:   63         SH:  9    Dex: 15    Spells: 5/5 levels left

rFire    . . .     SeeInvis .   a - +2 dagger
rCold    . . .     Faith    .   f - +2 kite shield {AC+3}
rNeg     . . .     Spirit   +   b - +0 robe
rPois    .         Reflect  .   (no helmet)
rElec    .         Harm     .   u - +0 cloak
rCorr    .         Rampage  .   (no gloves)
Will     .....                  i - +0 pair of boots
Stlth    +++.......             (no amulet)
HPRegen  1.11/turn              (no ring)
MPRegen  0.10/turn              (no ring)

@: lethally poisoned (-1 -> -2), slowed, very slow
A: fangs 2, regeneration 1, magic shield, antimagic bite, no potion heal 2
a: no special abilities


You were on level 3 of the Dungeon.
You visited 1 branch of the dungeon, and saw 3 of its levels.

You collected 63 gold pieces.

Inventory:

Hand Weapons
 a - a +2 dagger (weapon)
Missiles
 d - 22 poisoned darts (quivered)
 e - 2 curare-tipped darts
 g - 28 sling bullets
 k - 55 stones
 p - 18 arrows
 s - 29 bolts
 t - 5 javelins
Armour
 b - a +0 robe (worn)
 c - a +0 cloak
 f - a +2 kite shield of protection (worn)
 i - a +0 pair of boots (worn)
 u - a +0 cloak (worn)
Jewellery
 h - a ring of ice
 l - a ring of wizardry
Scrolls
 j - 3 scrolls of teleportation {unknown}
 m - a scroll of blinking {unknown}
 n - a scroll of amnesia {unknown}
Potions
 o - a potion of attraction {unknown}
 q - a potion of curing {unknown}
 r - a potion of haste {unknown}


   Skills:
 * Level 3.8 Fighting
 * Level 3.8 Short Blades
 - Level 1.7 Throwing
 - Level 0.7 Dodging
 + Level 5.9 Stealth


You had 5 spell levels left.
You didn't know any spells.
Your spell library contained the following spells:

 Spells                   Type           Power      Damage    Failure   Level
 Magic Dart               Conj           0%         1d3       93%         1
 Searing Ray              Conj           0%         3d3       98%         2
 Dazzling Flash           Conj/Hex       0%         N/A       100%        3
 Fulminant Prism          Conj/Hex       0%         3d6       100%        4
 Iskenderun's Mystic Bla  Conj/Tloc      0%         2d3       100%        4


Dungeon Overview and Level Annotations

Branches:
Dungeon (3/15)

Altars:
Makhleb

Annotations:
D:3 Natasha


Innate Abilities, Weirdness & Mutations

You have extremely sharp teeth.
Your natural rate of healing is unusually fast.
When hurt, damage is shared between your health and your magic reserves.
Your bite disrupts and absorbs the magic of your enemies.
Potions cannot restore your health.


Message History

* * * LOW HITPOINT WARNING * * *
You hit the phantom but do no damage.
The phantom is severely damaged.
You feel sick.
You are no longer poisoned.
Natasha mumbles some strange words.
You block the phantom's attack.
You closely miss the phantom. You bite the phantom. You drain its power.
You feel invigorated.
The phantom is almost destroyed.
You block the phantom's attack.
The white imp hits you but does no damage.
The adder completely misses you.
You hit the phantom.
The phantom is almost destroyed.
The phantom closely misses you. You block the adder's attack.
The white imp gestures at you. The puff of frost hits you!
* * * LOW HITPOINT WARNING * * *
You hit the phantom but do no damage.
The phantom is almost destroyed.
The adder bites you but does no damage. The phantom barely misses you.
Natasha stares at you and mumbles some strange words.
You feel yourself slow down. You block the white imp's attack.
You completely miss the phantom.
The phantom is almost destroyed.
The shadow imp disappears in a puff of smoke!
The adder bites you.
* * * LOW HITPOINT WARNING * * *
You are poisoned.
The adder poisons you! The phantom barely misses you. Natasha claws you.
* * * LOW HITPOINT WARNING * * *
You block the adder's attack. The white imp gestures at you.
The puff of frost hits you.
* * * LOW HITPOINT WARNING * * *
You block the hobgoblin's attack.
The phantom hits you but does no damage.
Natasha claws you.
You die...

...............# #
....^..........#....#
...............#....#
............).....#
..S5#.............#
....................#
..g..........#..ยง##.#
.#...........#.5Sh..#
....<..........g@W..#
g............#..........
.............#..........
.............#..........
.....#... #..........
.....# .. #..........
.....# # #..r.......
.##... #.......... .# .


You could see a phantom, Natasha, an adder, a white imp (summoned), a hobgoblin
and a rat (asleep).

Vanquished Creatures
  Sigmund (D:2)
  Crazy Yiuf (D:2)
  An adder (D:2)
  2 worms (D:2)
  2 dart slugs (D:2)
  11 bats
  4 endoplasms (D:1)
  2 giant cockroaches
  2 goblins (D:1)
  3 hobgoblins
  5 kobolds
  3 quokkas (D:2)
  7 ball pythons
  3 frilled lizards
  5 rats
52 creatures vanquished.

Notes
Turn   | Place    | Note
-------+----------+-------------------------------------------
     0 | D:1      | porpoise the Vine Stalker Brigand began the quest for the
                  | Orb.
     0 | D:1      | Reached XP level 1. HP: 11/11 MP: 2/2
   180 | D:1      | Reached XP level 2. HP: 10/15 MP: 3/3
   183 | D:1      | Reached skill level 5 in Stealth
  1004 | D:2      | Reached XP level 3. HP: 19/19 MP: 4/4
  1140 | D:2      | Noticed Sigmund
  1148 | D:2      | Killed Sigmund
  1149 | D:2      | Gained mutation: Your natural rate of healing is unusually
                  | fast. [Vine Stalker growth]
  1149 | D:2      | Reached XP level 4. HP: 9/24 MP: 2/5
  1149 | D:2      | Reached XP level 5. HP: 11/28 MP: 2/6
  1423 | D:2      | Reached XP level 6. HP: 32/32 MP: 7/7
  1616 | D:2      | Found a runed translucent door.
  1617 | D:2      | Noticed Crazy Yiuf
  1633 | D:2      | Killed Crazy Yiuf
  1723 | D:2      | Found a burning altar of Makhleb.
  1747 | D:3      | Noticed Natasha
  1773 | D:3      | Slain by Natasha

Illustrated notes

Levels and vault maps discovered:
D:1:      minmay_arrival_stone_box, layout_rooms
D:2:      layout_rooms, basic_altar, minmay_small_reverse_x, uniq_sigmund,
          uniq_crazy_yiuf_cottage
D:3:      wad_river_or_something, layout_basic, elyvilon_altar_5,
          shapermc_ecumenical_altar_mp_urbaneastern, minmay_puff, uniq_natasha

Skill      XL: |  1  2  3 |
---------------+----------+-----
Fighting       | 2 3 |  3.8
Short Blades   | 2 3 |  3.8
Stealth        | 5 |  5.9
Throwing       | |  1.7
Dodging        | |  0.7

Action                   |  1- 3 |  4- 6 || total
-------------------------+-------+-------++-------
Melee: Dagger            |    69 |    92 ||   161
       Bite              |    13 |    19 ||    32
  Use: Potion            |     1 |       ||     1
 Stab: Sleeping          |     9 |     5 ||    14
Armor: Robe              |    14 |    34 ||    48
Dodge: Dodged            |    10 |    28 ||    38
Block: Kite shield       |    25 |    45 ||    70

Table legend: (Time is in decaauts)
 A = Elapsed time spent in this place.
 B = Non-inter-level travel time spent in this place.
 C = Inter-level travel time spent in this place.
 D = Time resting spent in this place.
 E = Time spent auto-exploring this place.
 F = Levels seen in this place.
 G = Mean time per level.
                   A        B        C        D        E       F      G
               +--------+--------+--------+--------+--------+-----+--------+
         Total |   1794 |   1751 |     43 |    654 |    661 |   3 |  598.0 |
       Dungeon |   1794 |   1751 |     43 |    654 |    661 |   3 |  598.0 |
               +--------+--------+--------+--------+--------+-----+--------+

Top non-repeatable levels by time:
     D:1: 1008 daAuts
     D:2: 753 daAuts
     D:3: 32 daAuts
